 Dungeon Crawl Stone Soup version 0.29.1-2-gbd0b4ee654 (webtiles) character file.

Game seed: 13637124460018850030

8633 qeuew the Covert (level 11, -12/47 HPs)
             Began as a Spriggan Enchanter on Nov 7, 2022.
             Was an Elder of Dithmenos.
             Mangled by an ice devil (20 damage)
             ... on level 10 of the Dungeon.
             The game lasted 00:29:37 (11474 turns).

qeuew the Covert (Spriggan Enchanter)              Turns: 11474, Time: 00:29:38

Health: -12/47     AC:  3    Str:  4    XL:     11   Next: 12%
Magic:  18/25      EV: 31    Int: 19    God:    Dithmenos [****..]
Gold:   630        SH:  5    Dex: 24    Spells: 14/28 levels left

rFire   . . .      SeeInvis +   h - +3 short sword (venom)
rCold   . . .      Faith    .   (no shield)
rNeg    . . .      Spirit   .   b - +0 robe
rPois   .          Reflect  +   (helmet restricted)
rElec   .          Harm     .   e - +0 cloak
rCorr   .          Rampage  .   (gloves unavailable)
Will    +....                   (boots unavailable)
Stlth   ++++++++..              d - amulet of reflection
HPRegen 0.15/turn               g - +6 ring of dexterity
MPRegen 0.19/turn               j - +4 ring of evasion

@: wreathed by umbra, very quick
A: very small, no large weapons, unfitting armour, see invisible, speed 3, fangs
1, horns 1, talons 1
a: Renounce Religion, Shadow Step


You were on level 10 of the Dungeon.
You worshipped Dithmenos.
Dithmenos was greatly pleased with you.
You visited 2 branches of the dungeon, and saw 11 of its levels.
You also visited: Bailey.

You collected 630 gold pieces.

Inventory:

Hand Weapons
 h - a +3 short sword of venom (weapon)
Armour
 b - a +0 robe (worn)
 e - a +0 cloak (worn)
Jewellery
 d - an amulet of reflection (around neck)
 g - a +6 ring of dexterity (left hand)
 j - a +4 ring of evasion (right hand)
 k - a ring of resist corrosion
Wands
 l - a wand of digging (4)
 o - a wand of iceblast (12)
 s - a wand of polymorph (9)
 w - a wand of flame (9)
Scrolls
 a - a scroll of vulnerability
 i - a scroll of fear
 n - 2 scrolls of butterflies
 p - 3 scrolls of identify
 x - a scroll of brand weapon
 y - a scroll of amnesia
 z - a scroll of enchant weapon
Potions
 c - 2 potions of invisibility
 f - a potion of cancellation
 m - 2 potions of ambrosia
 q - 5 potions of flight
 r - a potion of resistance
 t - 3 potions of curing
 u - 2 potions of attraction
 v - 2 potions of might
 A - a potion of haste


   Skills:
 + Level 7.9 Short Blades
 + Level 9.8 Dodging
 + Level 11.7 Stealth
 + Level 9.0 Spellcasting
 - Level 5.1 Conjurations
 + Level 9.3 Hexes
 + Level 0.0 Air Magic


You had 14 spell levels left.
You knew the following spells:

 Your Spells              Type           Power      Damage    Failure   Level
a - Ensorcelled Hibernat  Hex/Ice        52%        N/A       1%          2
b - Dazzling Flash        Conj/Hex       72%        N/A       1%          3
c - Tukima's Dance        Hex            43%        N/A       1%          3
d - Static Discharge      Conj/Air       18%        3-6/arc   4%          2
e - Cause Fear            Hex            21%        N/A       1%          4

Your spell library contained the following spells:

 Spells                   Type           Power      Damage    Failure   Level
 Magic Dart               Conj           100%       1d8       1%          1
 Confusing Touch          Hex            43%        N/A       1%          3
 Foxfire                  Conj/Fire      72%        2x1d7     2%          1
 Inner Flame              Hex/Fire       26%        N/A       3%          3
 Portal Projectile        Hex/Tloc       52%        N/A       3%          3
 Fulminant Prism          Conj/Hex       18%        3d11      4%          4
 Beastly Appendage        Tmut           16%        N/A       9%          1
 Necrotise                Necr           32%        1d5       9%          1
 Stone Arrow              Conj/Erth      36%        3d9       9%          3
 Wereblood                Tmut           8%         N/A       12%         2
 Spider Form              Tmut/Pois      8%         N/A       24%         3
 Vampiric Draining        Necr           8%         2d6       24%         3
 Iskenderun's Mystic Bla  Conj/Tloc      18%        2d6       28%         4
 Lightning Bolt           Conj/Air       9%         1d21      61%         5
 Animate Dead             Necr           8%         N/A       63%         4
 Freezing Cloud           Conj/Ice/Air   7%         6-21      75%         5
 Agony                    Necr           8%         N/A       92%         5
 Blade Hands              Tmut           4%         N/A       92%         5
 Borgnjor's Vile Clutch   Necr/Erth      4%         N/A       92%         5
 Lee's Rapid Deconstruct  Erth           4%         3d6*      92%         5
 Starburst                Conj/Fire      9%         6d5       99%         6
 Death Channel            Necr           4%         N/A       100%        6
 Discord                  Hex            21%        N/A       100%        8
 Maxwell's Capacitive Co  Air            4%         ∞         100%        8


Dungeon Overview and Level Annotations

Branches:
Dungeon (10/15)            Temple (1/1) D:4            Lair (0/5) D:9
    Orc (0/2) D:9          Bailey (visited)

Altars:
Ashenzari
Cheibriados
Dithmenos
Elyvilon
Gozag
Hepliaklqana
Kikubaaqudgha
Makhleb
Nemelex Xobeh
Okawaru
Qazlal
Ru
Trog
Uskayaw
Vehumet
Wu Jian
Xom
Yredelemnul
Zin


Innate Abilities, Weirdness & Mutations

You are very small and have problems with some larger weapons.
You are too small for most types of armour.
You have supernaturally acute eyesight. (SInv)
You cover ground extremely quickly. (Speed+++)
You have very sharp teeth.
You have a pair of small horns on your head.
You have sharp toenails.


Message History

Press: ? - help, Dir - look around, f - activate The ice devil resists with almost no effort.
You block the ice devil's attack.
Unknown command.
You hit the ice devil but do no damage.
The ice devil is poisoned.
You bite the ice devil, but do no damage.
The ice devil completely misses you.
You hit the ice devil but do no damage. You puncture the ice devil!
You claw the ice devil, but do no damage.
You headbutt the ice devil, but do no damage.
The ice devil is lightly wounded.
You block the ice devil's attack.
You hit the ice devil. Your kick misses the ice devil.
The ice devil is moderately wounded.
You block the ice devil's attack.
You barely miss the ice devil.
You claw the ice devil, but do no damage.
You headbutt the ice devil, but do no damage.
Your bite misses the ice devil.
The ice devil is moderately wounded.
You hit the ice devil.
You bite the ice devil, but do no damage.
The ice devil is heavily wounded.
The ice devil completely misses you.
You hit the ice devil.
You claw the ice devil, but do no damage.
The ice devil is heavily wounded.
The ice devil hits you! The ice devil freezes you!!
* * * LOW HITPOINT WARNING * * *
You hit the ice devil.
The ice devil looks as sick as possible!
You claw the ice devil, but do no damage.
Your headbutt misses the ice devil.
You bite the ice devil, but do no damage.
The ice devil is heavily wounded.
The ice devil hits you.
* * * LOW HITPOINT WARNING * * *
The ice devil freezes you!!
You die...

#. ... #.. ...#
...############....
...................
.................#
.................##
.......<...........
........@4.........
##########.........
#..#######.
########..#######..####
.......................
.......................
..>.......#############
.#######..# # #..# #


You could see an ice devil (extremely poisoned).

Vanquished Creatures
  A two-headed ogre (D:9)
  Maggie (D:7)
  Grinder (D:6)
  Sigmund (D:2)
  2 wyverns
  9 yaks
  4 vampire mosquitoes (D:9)
  Eustachio (D:4)
  2 steam dragons
  Menkaure (D:7)
  A water moccasin (D:5)
  Duvessa (D:7)
  12 orc warriors
  A swamp drake (D:9)
  5 black bears
  3 ice beasts
  3 ogres (D:4)
  3 centaurs
  3 bullfrogs
  A kobold brigand (D:7)
  A necrophage (D:4)
  Blork the orc (D:6)
  A gnoll sergeant (D:9)
  3 scorpions
  Dowan (D:7)
  5 killer bees (D:9)
  7 orc priests
  3 hounds
  10 iguanas
  Ijyb (D:3)
  Jessica (D:2)
  Terence (D:3)
  11 orc wizards
  7 adders
  4 gnolls
  2 ufetubi
  4 dart slugs
  56 orcs
  6 endoplasms
  2 giant cockroaches
  11 goblins
  4 hobgoblins
  11 jackals
  26 kobolds
  7 quokkas
  7 ball pythons
  8 bats
  2 frilled lizards (D:1)
  9 rats
268 creatures vanquished.

Vanquished Creatures (collateral kills)
  2 orc priests (D:6)
  An orc (D:6)
3 creatures vanquished.

Vanquished Creatures (others)
  An orc (D:9)
  9 plants (D:7)
10 creatures vanquished.

Grand Total: 281 creatures vanquished

Notes
Turn   | Place    | Note
-------+----------+-------------------------------------------
     0 | D:1      | qeuew the Spriggan Enchanter began the quest for the Orb.
     0 | D:1      | Reached XP level 1. HP: 9/9 MP: 5/5
   437 | D:1      | Reached XP level 2. HP: 3/13 MP: 6/6
   440 | D:1      | Learned a level 2 spell: Ensorcelled Hibernation
  1458 | D:1      | Reached XP level 3. HP: 16/16 MP: 8/8
  1913 | D:1      | Gained mutation: You have sharp toenails. [potion of
                  | mutation]
  1913 | D:1      | Gained mutation: You expend magic power (3 MP) to
                  | strengthen your wands. [potion of mutation]
  2038 | D:2      | Found a faded altar of an unknown god.
  2087 | D:2      | You fall into a shaft and drop 1 floor!
  2111 | D:3      | Noticed Jessica
  2121 | D:2      | Killed Jessica
  2122 | D:2      | Reached skill level 5 in Stealth
  2122 | D:2      | Reached XP level 4. HP: 18/21 MP: 5/10
  2140 | D:2      | Learned a level 3 spell: Dazzling Flash
  2407 | D:2      | Noticed Sigmund
  2414 | D:2      | Killed Sigmund
  2415 | D:2      | Reached skill level 1 in Conjurations
  2415 | D:2      | Reached XP level 5. HP: 24/24 MP: 11/11
  2520 | D:2      | Identified the +11 quarterstaff "Mutarano" {antimagic,
                  | Will+}
  2563 | D:2      | Reached XP level 6. HP: 28/28 MP: 13/13
  3051 | D:2      | Reached skill level 6 in Stealth
  3295 | D:3      | Found the +8 trident of the Octopus King {venom, rElec
                  | rPois}
  3346 | D:3      | Noticed Ijyb
  3353 | D:3      | Killed Ijyb
  3383 | D:3      | Noticed Terence
  3392 | D:3      | Killed Terence
  3532 | D:4      | Found a staircase to the Ecumenical Temple.
  3556 | Temple   | Entered the Ecumenical Temple
  3712 | Temple   | Became a worshipper of Dithmenos the Shadowed
  3754 | D:4      | Reached skill level 5 in Hexes
  3905 | D:4      | Reached XP level 7. HP: 32/32 MP: 14/14
  3905 | D:4      | Lost mutation: You expend magic power (3 MP) to strengthen
                  | your wands. [potion of mutation]
  3905 | D:4      | Lost mutation: You have sharp toenails. [potion of
                  | mutation]
  3905 | D:4      | Gained mutation: You have a pair of small horns on your
                  | head. [potion of mutation]
  3905 | D:4      | Gained mutation: You have sharp toenails. [potion of
                  | mutation]
  3905 | D:4      | Gained mutation: You have very sharp teeth. [potion of
                  | mutation]
  3983 | D:4      | Reached skill level 5 in Dodging
  4025 | D:4      | Noticed Eustachio
  4059 | D:4      | Killed Eustachio
  4060 | D:4      | Reached skill level 7 in Stealth
  4370 | D:4      | Reached skill level 5 in Spellcasting
  4545 | D:4      | Reached XP level 8. HP: 32/36 MP: 5/16
  4621 | D:4      | Learned a level 3 spell: Tukima's Dance
  4646 | D:5      | Entered Level 5 of the Dungeon
  4866 | D:4      | Reached * piety under Dithmenos
  4866 | D:4      | HP: 1/36 [orc/+0 club (3)]
  5302 | D:5      | Reached skill level 8 in Stealth
  5348 | D:5      | Reached skill level 5 in Short Blades
  5962 | D:6      | Noticed Blork the orc
  5967 | D:6      | Reached XP level 9. HP: 39/39 MP: 19/19
  5970 | D:6      | Killed Blork the orc
  6062 | D:6      | Reached skill level 9 in Stealth
  6415 | D:6      | Noticed Grinder
  6429 | D:6      | Killed Grinder
  6893 | D:7      | Reached ** piety under Dithmenos
  6894 | D:7      | Noticed Menkaure
  6896 | D:7      | Killed Menkaure
  7282 | D:7      | Noticed Duvessa
  7282 | D:7      | Noticed Dowan
  7286 | D:7      | Killed Dowan
  7307 | D:7      | Killed Duvessa
  7883 | D:7      | Found a shimmering altar of Xom.
  7994 | D:7      | Noticed Maggie
  8001 | D:7      | Killed Maggie
  8002 | D:7      | Reached skill level 10 in Stealth
  8015 | D:7      | Reached XP level 10. HP: 37/44 MP: 17/22
  8178 | D:8      | Found a flagged portal.
  8191 | D:8      | Learned a level 2 spell: Static Discharge
  8275 | D:7      | Reached *** piety under Dithmenos
  8652 | Bailey   | Entered a bailey
  8878 | Bailey   | Got the Tome of Blasts
  9689 | D:9      | Reached skill level 11 in Stealth
  9727 | D:9      | Noticed a two-headed ogre
  9915 | D:9      | Killed a two-headed ogre
  9916 | D:9      | Reached skill level 5 in Conjurations
 10064 | D:9      | Reached **** piety under Dithmenos
 10084 | D:9      | Reached XP level 11. HP: 30/47 MP: 5/24
 10239 | D:9      | Found a staircase to the Lair.
 10971 | D:9      | Identified the +0 animal skin of Purpose {Contam Will++
                  | Str+4 Stlth+}
 11124 | D:9      | Found a staircase to the Orcish Mines.
 11376 | D:10     | Entered Level 10 of the Dungeon
 11459 | D:10     | Learned a level 4 spell: Cause Fear
 11474 | D:10     | Mangled by an ice devil

Illustrated notes

Levels and vault maps discovered:
D:1:      dpeg_arrival_chambers_temple_mockup, layout_loops_corners,
          minmay_misc_feat_secret_circle, st_stairs_12, serial_bayou_pond_d
D:2:      layout_basic, shapermc_ecumenical_altar_mp_vishouse,
          lightli_corner_chamber, uniq_sigmund
D:3:      layout_rooms, serial_park_tiny_2, grunt_ministairs_1,
          corexii_leaking_fountain, amcnicky_mini_corridor_feature, uniq_ijyb,
          uniq_terence, uniq_jessica
D:4:      layout_rooms, minmay_temple_entry_statues, minmay_bent, uniq_eustachio
D:5:      kennysheep_six_static_rooms, layout_rooms,
          chequers_serial_rivers_room_b
D:6:      layout_gridville, uniq_grinder, uniq_blork_the_orc
D:7:      layout_basic, mainiacjoe_overflow_alcove_4, serial_glass,
          glass_columns_c, glass_columns_c, uniq_menkaure, uniq_duvessa,
          uniq_maggie
D:8:      layout_gridville, enter_bailey_3
D:9:      layout_basic, lair_entry_dummy, erik_orc_1, kennysheep_generic_room_3
D:10:     layout_long_grid, nicolae_sif_muna_condensation, serial_demonic,
          serial_demonic_a, serial_demonic_a, serial_demonic_c,
          serial_demonic_g, uniq_maurice
Temple:   nicolae_temple_slightly_damp_pantheon

Skill      XL: |  1  2  3  4  5  6  7  8  9 10 11 |
---------------+----------------------------------+-----
Dodging        | 3 4 5 7 8 9 |  9.8
Spellcasting   | 3 4 5 6 7 8 9 |  9.0
Hexes          | 4 5 6 7 9 |  9.3
Short Blades   | 2 3 4 5 6 7 |  7.9
Stealth        | 5 6 7 8 10 11 | 11.7
Conjurations   | 1 2 3 4 5 |  5.1

Action                   |  1- 3 |  4- 6 |  7- 9 | 10-12 || total
-------------------------+-------+-------+-------+-------++-------
Melee: Dagger            |    97 |   109 |    80 |       ||   286
       Punch             |     2 |     1 |     4 |     3 ||    10
       Kick              |       |    23 |    68 |    37 ||   128
       Headbutt          |       |       |    53 |    18 ||    71
       Bite              |       |       |    38 |    10 ||    48
       Short sword       |       |       |   171 |   154 ||   325
 Cast: Ensorcelled Hiber |     7 |     9 |    59 |    72 ||   147
       Dazzling Flash    |       |     1 |     2 |     4 ||     7
       Tukima's Dance    |       |       |     4 |       ||     4
       Static Discharge  |       |       |       |    10 ||    10
       Cause Fear        |       |       |       |     2 ||     2
  Use: Potion            |     5 |     1 |     7 |     1 ||    14
       Scroll            |     1 |     2 |     6 |     6 ||    15
 Stab: Sleeping          |    22 |    19 |    54 |    45 ||   140
       Distracted        |       |     1 |       |     2 ||     3
       Invisible         |       |       |     1 |     1 ||     2
Armor: Robe              |     7 |     8 |    14 |     1 ||    30
Dodge: Dodged            |    62 |    76 |   315 |   157 ||   610
Block: Other             |    17 |    23 |    71 |    36 ||   147
       Reflection        |     1 |       |       |    10 ||    11
